 Dungeon Crawl Stone Soup version 0.18.1-47-g9310371 (console) character file.

92 Kloppie the Skirmisher (level 4, -4/42 HPs)
             Began as a Minotaur Berserker on June 23, 2016.
             Was a Believer of Trog.
             Slain by an orc warrior
             ... wielding a +0 hand axe
              (21 damage)
             ... on level 3 of the Dungeon.
             The game lasted 00:03:32 (1663 turns).

Kloppie the Skirmisher (Minotaur Berserker)         Turns: 1663, Time: 00:03:33

Health: -4/42      AC:  6    Str: 22    XL:     4   Next: 35%
Magic:  3/3        EV: 11    Int:  4    God:    Trog [**....]
Gold:   127        SH:  0    Dex: 10    Spells: 0 memorised, 3 levels left

rFire  . . .     SeeInvis .     a - +0 mace
rCold  . . .     Gourm    .     l - +0 ring mail
rNeg   . . .     Faith    .     (no shield)
rPois  .         Spirit   .     (helmet restricted)
rElec  .         Dismiss  .     (no cloak)
rCorr  .         Reflect  .     h - +0 pair of gloves
SustAt .         Harm     .     (no boots)
MR     ++...                    (no amulet)
Stlth  ..........               (no ring)
                                (no ring)

@: exhausted, regenerating, slowed, very slow, very resistant to hostile
enchantments, extremely unstealthy
A: retaliatory headbutt, horns 2
a: Berserk, Trog's Hand, Burn Spellbooks, Renounce Religion


You were on level 3 of the Dungeon.
You worshipped Trog.
Trog was pleased with you.
You were near starving.

You visited 1 branch of the dungeon, and saw 3 of its levels.

You collected 127 gold pieces.

Inventory:

Hand Weapons
 a - a +0 mace (weapon)
Armour
 b - a +0 animal skin
 h - a +0 pair of gloves (worn)
 l - a +0 ring mail (worn)
Jewellery
 k - an uncursed amulet of dismissal {unknown}
Scrolls
 d - 3 scrolls of remove curse {unknown}
 g - a scroll of fear {unknown}
 i - a scroll of identify {unknown}
 m - a scroll of enchant weapon {unknown}
 n - a scroll of fog {unknown}
Potions
 e - 3 potions of flight {unknown}
 j - 2 potions of resistance {unknown}
 o - a potion of degeneration {unknown}
 q - a potion of curing {unknown}
 r - a potion of invisibility {unknown}
Comestibles
 c - a bread ration
 f - a beef jerky
 p - a meat ration


   Skills:
 + Level 5.2 Fighting
 + Level 5.0 Maces & Flails
 - Level 2.4 Armour
 - Level 2.1 Dodging


You had 3 spell levels left.
You didn't know any spells.

Dungeon Overview and Level Annotations

Branches:
Dungeon (3/15)

Altars:


Innate Abilities, Weirdness & Mutations

You reflexively headbutt those who attack you in melee.
You have a pair of horns on your head.


Message History

The orc misses you.
Found 7 gold pieces.
You feel your anger subside.
The orc priest calls upon Beogh to heal the orc warrior.
The orc warrior's wounds heal themselves!
You sock the orc warrior! You headbutt the orc warrior!
The orc warrior is heavily wounded.
The orc warrior hits you with a hand axe!
* * * LOW HITPOINT WARNING * * *
The orc closely misses you.
The orc priest miscasts a cantrip.
You hit the orc warrior. Your headbutt misses the orc warrior.
The orc warrior is severely wounded.
You are no longer berserk.
You are exhausted.
You feel yourself slow down.
You are near starving!
The orc warrior hits you with a hand axe!!
Ouch! That really hurt!
You die...

#.# ##.# #..# ##..
###.## #... ##...# #.#.
#.†### ######...
##)######........
#######oo..............
#$....@oo..............
#........#######......%.
########.# #.)....%. #.#
##.....#. #.# #.....#.
#.# #.#..... #.#
#........ .. ....).....
...........


You could see an orc warrior, an orc priest, an orc wizard and an orc.

Vanquished Creatures
  3 adders
  An ooze (D:1)
  A worm (D:3)
  2 dart slugs (D:1)
  A giant gecko (D:2)
  An orc (D:3)
  3 bats
  2 giant cockroaches
  2 goblins
  10 hobgoblins
  3 jackals (D:2)
  A quokka (D:2)
  A ball python (D:3)
  3 giant newts
  5 kobolds
  14 rats
53 creatures vanquished.

Notes
Turn   | Place    | Note
--------------------------------------------------------------
     0 | D:1      | Kloppie the Minotaur Berserker began the quest for the Orb.
     0 | D:1      | Reached XP level 1. HP: 19/19 MP: 0/0
   171 | D:1      | Reached XP level 2. HP: 27/27 MP: 1/1
   196 | D:1      | Reached ** piety under Trog
   621 | D:1      | Reached XP level 3. HP: 34/34 MP: 2/2
  1288 | D:2      | Reached skill level 5 in Fighting
  1478 | D:2      | Reached XP level 4. HP: 42/42 MP: 3/3
  1609 | D:3      | Reached skill level 5 in Maces & Flails
  1635 | D:3      | Noticed an orc warrior
  1663 | D:3      | Slain by an orc warrior

Skill      XL: |  1  2  3  4 |
---------------+-------------+-----
Fighting       | 4 5 |  5.2
Maces & Flails | 4 5 |  5.0
Armour         | |  2.4
Dodging        | |  2.1

Action                   |  1- 3 |  4- 6 || total
-------------------------+-------+-------++-------
Melee: Mace              |    75 |    36 ||   111
       Headbutt          |    10 |     3 ||    13
Invok: Berserk           |       |     1 ||     1
       Trog's Hand       |       |     1 ||     1
  Eat: Chunk             |     2 |       ||     2
Armor: Animal skin       |     7 |       ||     7
       Ring mail         |    12 |    10 ||    22
Dodge: Dodged            |    52 |    22 ||    74
